 Dungeon Crawl Stone Soup version 0.27-a0-1202-ge72e49191c (webtiles) character file.

Game seed: 12720182548899657946

8890 robertstho the Thaumaturge (level 11, -3/76 HPs)
             Began as a Djinni Fire Elementalist on June 3, 2021.
             Was an Initiate of Gozag.
             Slain by Snorg (9 damage)
             ... on level 10 of the Dungeon.
             The game lasted 00:25:50 (15277 turns).

robertstho the Thaumaturge (DjFE)                  Turns: 15277, Time: 00:25:53

Health: -3/76      AC:  5    Str:  7    XL:     11   Next: 64%
Gold:   706        EV: 13    Int: 19    God:    Gozag SH:  5 Dex: 15

rFire    + + .     SeeInvis .   E - +7 hand axe of Dung {vorpal, rElec rPois rN+ rCorr}
rCold    x . .     Faith    .   (no shield)
rNeg     + . .     Spirit   .   a - +0 robe
rPois    ∞         Reflect  +   h - +2 hat
rElec    +         Harm     .   (no cloak)
rCorr    +         Rampage  .   j - +0 pair of gloves
Will     +....                  (boots unavailable)
Stlth    ++........             x - amulet of reflection
HPRegen  0.22/turn              B - ring of resist corrosion
MPRegen  0.00/turn              (no ring)

@: flying
A: sickness immunity, fire resistance 2, cold vulnerability 1, float, innate
caster, hp casting, extra vitality 1
a: Renounce Religion, Potion Petition, Call Merchant, Bribe Branch


You were on level 10 of the Dungeon.
You worshipped Gozag.
Gozag was pleased with you.
You visited 1 branch of the dungeon, and saw 10 of its levels.
You also visited: Sewer.

You collected 1181 gold pieces.
You spent 420 gold pieces at shops.
You paid 55 gold pieces to Gozag.

Inventory:

Hand Weapons
 g - the +7 war axe of Giofyc {drain, rF+ rCorr}
   (You took it off an orc on level 5 of the Dungeon)

   A truly terrible weapon, it drains the life of those it strikes.
   It protects you from fire.
   It protects you from acid and corrosion.
 v - a +4 scimitar of flaming
 E - the +7 hand axe of Dung (weapon) {vorpal, rElec rPois rN+ rCorr}
   (You found it on level 8 of the Dungeon)

   It inflicts extra damage upon your enemies.
   It insulates you from electricity.
   It protects you from poison.
   It protects you from negative energy.
   It protects you from acid and corrosion.
Missiles
 c - 3 curare-tipped darts
 n - a throwing net
Armour
 a - a +0 robe (worn)
 h - a +2 hat (worn)
 j - a +0 pair of gloves (worn)
Jewellery
 x - an amulet of reflection (around neck)
 B - a ring of resist corrosion (left hand)
Wands
 p - a wand of acid (14)
 w - a wand of polymorph (10)
 y - a wand of iceblast (10)
 z - a wand of flame (12)
 A - a wand of digging (12)
Scrolls
 b - a scroll of fear {unknown}
 m - a scroll of enchant armour
 o - 3 scrolls of blinking {unknown}
 r - 3 scrolls of fog
 s - 2 scrolls of magic mapping
 t - 3 scrolls of teleportation
 D - 2 scrolls of immolation
Potions
 d - 6 potions of brilliance
 e - 6 potions of heal wounds {unknown}
 f - a potion of lignification {unknown}
 i - 4 potions of degeneration
 k - 4 potions of haste {unknown}
 l - 3 potions of berserk rage {unknown}
 q - 2 potions of resistance {unknown}
 C - a potion of ambrosia
 F - a potion of attraction {unknown}


   Skills:
 * Level 5.8 Fighting
 + Level 1.9 Axes
 + Level 3.6 Dodging
 + Level 3.6 Stealth
 * Level 12.0 Spellcasting


You had 3 spell levels left.
You knew the following spells:

 Your Spells              Type           Power      Damage    Failure   Level
a - Foxfire               Conj/Fire      100%       2x1d9     1%          1
b - Conjure Flame         Conj/Fire      55%        6-21      1%          3
c - Inner Flame           Hex/Fire       55%        N/A       1%          3
d - Sticky Flame          Conj/Fire      55%        2d7       1%          4
e - Fireball              Conj/Fire      27%        3d12      1%          5
f - Corona                Hex            61%        N/A       1%          1
g - Passwall              Tmut/Erth      45%        N/A       1%          2
h - Vampiric Draining     Necr           27%        2d9       1%          3
i - Passage of Golubria   Tloc           N/A        N/A       1%          4
j - Silence               Hex/Air        27%        N/A       1%          5
Your spell library was empty.

Dungeon Overview and Level Annotations

Branches:
Dungeon (10/15)            Temple (0/1) D:7            Lair (0/6) D:9
  Sewer (visited)
    Orc: D:9-12

Altars:
Gozag
Makhleb
Sif Muna
Vehumet
Wu Jian
Xom
The Shining One

Shops:
D:9 =

Annotations:
D:3 Grinder
D:10 Snorg


Innate Abilities, Weirdness & Mutations

You are immune to sickness and miasma.
You are immune to poison.
Your flesh is very heat resistant. (rF++)
You are vulnerable to cold. (rC-)
You float through the air rather than walking.
You learn spells naturally, not from books.
Your magical power is your life essence.
You have superior vitality. (+4 HP)


Message History

The fireball explodes!
The fireball engulfs Snorg!
Snorg is moderately wounded.
Unknown command.
Casting: Fireball (dangerous; 1% risk of failure)
Confirm with . or Enter, or press ? or * to list all spells.
Aiming: Sticky Flame (safe; 1% risk of failure)
Press: ? - help, Shift-Dir - straight line, f/p - Snorg
Aim: Snorg (moderately wounded, 100% to hit)
The sticky flame hits Snorg!
Snorg is heavily wounded.
Snorg is covered in liquid flames!
Snorg burns!
Snorg goes berserk!
Unknown command.
You slash Snorg!
Snorg is heavily wounded.
Snorg burns! x2; You block Snorg's attack.
Snorg claws you. x2
Snorg completely misses you. x2; Snorg claws you!
Aiming: Corrosive Bolt
Press: ? - help, Shift-Dir - straight line, f/p - Snorg
Aim: Snorg (heavily wounded, berserk, covered in liquid flames, 81% to hit)
The bolt of acid hits Snorg!
Snorg is splashed with acid.
Snorg is severely wounded.
Snorg burns!
Snorg barely misses you. Snorg claws you!!
* * * LOW HITPOINT WARNING * * *
You block Snorg's attack. x2; Snorg closely misses you.
Snorg claws you!
* * * LOW HITPOINT WARNING * * *
Okay, then.
You feel better.
Snorg burns!
Snorg closely misses you. Snorg claws you!!
* * * LOW HITPOINT WARNING * * *
Snorg barely misses you.
You feel better.
Snorg burns!
Snorg closely misses you. Snorg completely misses you.
Snorg claws you but does no damage. Snorg barely misses you.
You block Snorg's attack. Snorg closely misses you.
Snorg burns!
You feel better.
Snorg burns!
Snorg bites you.
* * * LOW HITPOINT WARNING * * *
Snorg claws you!
* * * LOW HITPOINT WARNING * * *
Snorg claws you!
You die...
Your body crumbles into a pile of gold.

########
#......#
#......###
#.....!...
#.....$...
#######.........
................
.......@T.......
................
......####'#####
...... ... .....
.... ..... .....
.... .... ....
....


You could see Snorg (berserk, burning).

Vanquished Creatures
  Erica (D:9)
  Erolcha (D:9)
  A two-headed ogre (D:9)
  Pikel (D:9)
  A kobold demonologist (D:9)
  Prince Ribbit (D:9)
  A hornet (D:7)
  A vampire (D:10)
  2 steam dragons
  Menkaure (D:5)
  3 water moccasins
  An orc warrior (D:8)
  An ice beast (D:8)
  A hornet zombie (D:9)
  3 necrophages
  4 ogres
  2 centaurs
  5 phantoms
  3 bullfrogs
  12 kobold brigands (D:9)
  A scorpion (D:4)
  12 killer bees
  18 wights
  2 howler monkeys
  2 centaur zombies
  A jelly (D:8)
  A bullfrog zombie (D:6)
  5 orc priests
  3 hounds
  2 iguanas
  2 bullfrog skeletons
  15 orc wizards
  A hound skeleton (D:4)
  A howler monkey zombie (D:9)
  6 gnolls
  2 howler monkey skeletons (D:7)
  11 adders
  3 white imps
  3 worms
  5 dart slugs
  22 orcs
  5 bats
  8 endoplasms
  5 giant cockroaches
  10 goblins
  5 hobgoblins
  14 jackals
  29 kobolds
  2 quokkas
  11 ball pythons
  7 frilled lizards
  8 rats
268 creatures vanquished.

Vanquished Creatures (collateral kills)
  21 foxfires
21 creatures vanquished.

Vanquished Creatures (others)
  679 foxfires
  54 plants
  A withered plant (D:2)
734 creatures vanquished.

Grand Total: 1023 creatures vanquished

Notes
Turn   | Place    | Note
-------+----------+-------------------------------------------
     0 | D:1      | robertstho the Djinni Fire Elementalist began the quest for
                  | the Orb.
     0 | D:1      | Reached XP level 1. HP: 15/15 MP: 0/0
   266 | D:1      | Reached XP level 2. HP: 18/21 MP: 0/0
   595 | D:1      | Reached skill level 3 in Spellcasting
   709 | D:1      | Reached XP level 3. HP: 20/25 MP: 0/0
   709 | D:1      | Learned a level 1 spell: Corona
  1474 | D:2      | Reached XP level 4. HP: 17/31 MP: 0/0
  2276 | D:2      | Reached skill level 4 in Spellcasting
  2456 | D:2      | Reached XP level 5. HP: 35/36 MP: 0/0
  2456 | D:2      | Learned a level 2 spell: Passwall
  2609 | D:2      | Found a faded altar of an unknown god.
  3749 | D:3      | Found an ornate altar of the Wu Jian Council.
  4229 | D:3      | Noticed Grinder
  4679 | D:4      | Reached skill level 1 in Fighting
  4817 | D:4      | Reached XP level 6. HP: 30/42 MP: 0/0
  5050 | D:4      | Noticed an ogre
  5056 | D:4      | Killed an ogre
  5057 | D:4      | Reached skill level 5 in Spellcasting
  5071 | D:4      | Reached XP level 7. HP: 32/47 MP: 0/0
  5071 | D:4      | Learned a level 3 spell: Vampiric Draining
  5199 | D:4      | Noticed a steam dragon
  5209 | D:4      | Killed a steam dragon
  5210 | D:4      | Reached skill level 6 in Spellcasting
  5527 | D:4      | Found a shimmering altar of Xom.
  5605 | D:4      | Found a glowing golden altar of the Shining One.
  5689 | D:5      | Entered Level 5 of the Dungeon
  5770 | D:5      | Identified the +7 war axe of Giofyc {drain, rF+ rCorr}
  5773 | D:5      | Reached XP level 8. HP: 21/54 MP: 0/0
  5829 | D:5      | Found a glowing drain.
  5838 | Sewer    | Entered a sewer
  7308 | D:5      | Reached skill level 7 in Spellcasting
  7366 | D:5      | Noticed Menkaure
  7372 | D:5      | Killed Menkaure
  7691 | D:5      | Identified the +2 leather armour of Amorch {Fly rPois rC-
                  | Str+3}
  7794 | D:5      | Found an opulent altar of Gozag.
  7915 | D:5      | Became a worshipper of Gozag Ym Sagoz the Greedy
  8159 | D:6      | Reached XP level 9. HP: 44/59 MP: 0/0
  8159 | D:6      | Learned a level 4 spell: Passage of Golubria
  8169 | D:6      | Reached skill level 8 in Spellcasting
  9465 | D:7      | Reached skill level 9 in Spellcasting
  9714 | D:7      | Noticed a hornet
  9722 | D:7      | Killed a hornet
  9723 | D:7      | Reached skill level 1 in Axes
 10049 | D:7      | Reached XP level 10. HP: 56/67 MP: 0/0
 11060 | D:7      | Found a staircase to the Ecumenical Temple.
 11468 | D:8      | Reached skill level 10 in Spellcasting
 12282 | D:8      | Identified the +7 hand axe of Dung {vorpal, rElec rPois rN+
                  | rCorr}
 12304 | D:9      | Noticed Pikel
 12306 | D:9      | Killed Pikel
 12318 | D:9      | Noticed a kobold demonologist
 12546 | D:9      | Killed a kobold demonologist
 12571 | D:9      | Reached skill level 5 in Fighting
 12821 | D:9      | Reached XP level 11. HP: 44/75 MP: 0/0
 12821 | D:9      | Learned a level 5 spell: Silence
 13234 | D:9      | Reached skill level 11 in Spellcasting
 13277 | D:9      | Noticed a two-headed ogre
 13281 | D:9      | Killed a two-headed ogre
 13693 | D:9      | Noticed Prince Ribbit
 13696 | D:9      | Killed Prince Ribbit
 13842 | D:9      | Noticed Erica
 13847 | D:9      | Killed Erica
 13987 | D:9      | Found a staircase to the Lair.
 14068 | D:9      | Found Fojent's Jewellery Shoppe.
 14072 | D:9      | Bought an amulet of reflection for 420 gold pieces
 14768 | D:9      | Noticed Erolcha
 14774 | D:9      | Killed Erolcha
 14911 | D:9      | Identified Sif Muna's Disquisition on the Glacier
 15109 | D:9      | Found a burning altar of Makhleb.
 15111 | D:9      | Reached skill level 12 in Spellcasting
 15240 | D:10     | Entered Level 10 of the Dungeon
 15269 | D:10     | Noticed Snorg
 15277 | D:10     | Slain by Snorg

Illustrated notes

Levels and vault maps discovered:
D:1:      matt_arrival_los_fun, layout_rooms, st_stairs_3
D:2:      wad_woods_pond, layout_basic, ebering_ecumenical_altar_petrified,
          corexii_item_surrounded_by_moat
D:3:      corexii_shack_village, layout_basic, lemuel_coloured_pillars_altar,
          bloody_trog, hex_large, st_stairs_7, grunt_ministairs_2, uniq_grinder
D:4:      layout_cave_pools, nicolae_tso_swordbearing_angel, lemuel_tele_altar,
          pf_just_have_faith
D:5:      layout_loops_ring, marbit_many_paths, portal_sewer_entry_d,
          uniq_menkaure
D:6:      layout_rooms, kennysheep_path_1, st_stairs_10, nrook_loot_triangle
D:7:      layout_rooms, minmay_temple_entry_mist, hangedman_decor_lopped,
          minmay_a_box_with_orc_wizards_in_it
D:8:      layout_rooms
D:9:      layout_loops_corners, led_sif_book, lightli_temple_of_fire,
          lair_entry_dummy, serial_shops, shop, special_room
          [special_room_kobold], dk_vineyard_2, blue_anna_alchemist, uniq_erica,
          uniq_prince_ribbit1, uniq_pikel, uniq_erolcha
D:10:     layout_irregular_city, general_overflow_altar, uniq_josephine,
          uniq_fannar, uniq_snorg

Skill      XL: |  1  2  3  4  5  6  7  8  9 10 11 |
---------------+----------------------------------+-----
Spellcasting   | 3 4 5 6 7 9 10 12 | 12.0
Fighting       | 1 2 3 5 |  5.8
Stealth        | 2 3 |  3.6
Dodging        | 3 |  3.6
Axes           | 1 |  1.9

Action                   |  1- 3 |  4- 6 |  7- 9 | 10-12 || total
-------------------------+-------+-------+-------+-------++-------
Melee: War axe           |       |     1 |    32 |     1 ||    34
       Hand axe          |       |       |       |     2 ||     2
 Cast: Foxfire           |    87 |   188 |   151 |       ||   426
       Sticky Flame      |       |       |    17 |     7 ||    24
       Fireball          |       |       |    37 |   123 ||   160
       Conjure Flame     |       |       |     1 |       ||     1
       Passage of Golubr |       |       |       |     2 ||     2
Evoke: Wand              |       |       |       |     1 ||     1
  Use: Scroll            |       |     3 |     5 |     5 ||    13
       Potion            |       |       |       |     3 ||     3
Armor: Robe              |       |     5 |    10 |     6 ||    21
Dodge: Dodged            |     2 |    20 |    35 |    22 ||    79
Block: Other             |       |       |       |     4 ||     4

Table legend: (Time is in decaauts)
 A = Elapsed time spent in this place.
 B = Non-inter-level travel time spent in this place.
 C = Inter-level travel time spent in this place.
 D = Time resting spent in this place.
 E = Time spent auto-exploring this place.
 F = Levels seen in this place.
 G = Mean time per level.
                   A        B        C        D        E       F      G
               +--------+--------+--------+--------+--------+-----+--------+
         Total |  15287 |  14965 |    322 |   1583 |  11545 |  11 | 1389.7 |
       Dungeon |  14251 |  13929 |    322 |   1376 |  10913 |  10 | 1425.1 |
         Sewer |   1036 |   1036 |      0 |    207 |    632 |   1 | 1036.0 |
               +--------+--------+--------+--------+--------+-----+--------+

Top non-repeatable levels by time:
     D:9: 2187 daAuts
     D:2: 1967 daAuts
     D:8: 1763 daAuts
     D:5: 1621 daAuts
     D:6: 1565 daAuts
     D:3: 1380 daAuts
     D:7: 1361 daAuts
     D:1: 1269 daAuts
     D:4: 1097 daAuts
   Sewer: 1036 daAuts
    D:10: 37 daAuts
